 Dungeon Crawl Stone Soup version 0.27.1-15-g792fb953b9 (webtiles) character file.

Game seed: 16090107648724433191

60 pkoi the Insei (level 3, -2/31 HPs)
             Began as a Draconian Monk on Nov 18, 2021.
             Succumbed to an orc's poison
             ... on level 2 of the Dungeon.
             The game lasted 00:02:34 (2681 turns).

pkoi the Insei (Draconian Monk)                     Turns: 2681, Time: 00:02:35

Health: -2/31      AC:  5    Str: 13    XL:     3   Next: 82%
Magic:  3/3        EV: 12    Int: 17    God:
Gold:   52         SH:  0    Dex: 13    Spells: 2/2 levels left

rFire    . . .     SeeInvis .     - Unarmed
rCold    . . .     Faith    .   (no shield)
rNeg     . . .     Spirit   .   (armour unavailable)
rPois    +         Reflect  .   (helmet restricted)
rElec    .         Harm     .   (no cloak)
rCorr    .         Rampage  .   (no gloves)
Will     .....                  (no boots)
Stlth    ++........             (no amulet)
HPRegen  0.10/turn              b - +6 ring of intelligence
MPRegen  0.08/turn              (no ring)

@: lethally poisoned (-2 -> -27)
A: AC +5, unfitting armour, cold-blooded, poison resistance
a: no special abilities


You were on level 2 of the Dungeon.
You visited 1 branch of the dungeon, and saw 3 of its levels.

You collected 52 gold pieces.

Inventory:

Missiles
 d - a throwing net (quivered)
 f - 5 javelins
Jewellery
 b - a +6 ring of intelligence (left hand)
Scrolls
 e - a scroll of fear {unknown}
 g - 2 scrolls of identify
Potions
 a - a potion of attraction


   Skills:
 - Level 3.2 Fighting
 - Level 2.6 Dodging
 - Level 1.7 Stealth
 + Level 4.8 Unarmed Combat


You had 2 spell levels left.
You didn't know any spells.
Your spell library contained the following spells:

 Spells                   Type           Power      Damage    Failure   Level
 Ignite Poison            Fire/Tmut/Pois 0%         N/A       56%         3
 Mephitic Cloud           Conj/Pois/Air  0%         N/A       56%         3
 Bolt of Magma            Conj/Fire/Erth 0%         4d4       100%        5


Dungeon Overview and Level Annotations

Branches:
Dungeon (3/15)

Altars:
Kikubaaqudgha

Shops:
D:3 :

Annotations:
D:2 Robin


Innate Abilities, Weirdness & Mutations

Your plain brown scales are hard. (AC +5)
You cannot fit into any form of body armour.
You are cold-blooded and may be slowed by cold attacks.
Your system is resistant to poisons. (rPois)


Message History

You hit the orc.
Your tail-slap misses the orc.
The orc is severely wounded.
The orc closely misses you.
You hit the orc.
You kill the orc!
Things that are here:
a +0 war axe; an orc corpse You start resting.
HP restored.
There is a stone staircase leading down here.
You climb downwards.
The orc hits you with a +0 war axe.
The orc hits you with a +1 short sword of venom.
You are poisoned.
There is a stone staircase leading up, spattered with blood here.
Unknown command.
You feel very sick. The orc barely misses you. The orc closely misses you.
You climb upwards.
Level annotation: Robin You feel very sick.
There is a stone staircase leading down here.
Unknown command.
You closely miss the orc.
You feel sick. The orc hits you but does no damage. x2
You are more poisoned.
You barely miss the orc.
* * * LOW HITPOINT WARNING * * *
You feel very sick. The orc barely misses you.
The orc hits you but does no damage.
You are lethally poisoned!
You hit the orc.
The orc is heavily wounded.
* * * LOW HITPOINT WARNING * * *
You feel very sick. The orc hits you but does no damage.
The orc hits you with a +1 short sword of venom.
* * * LOW HITPOINT WARNING * * *
You are more poisoned.
It was a potion of mutation.
You feel extremely strange.
You feel resistant to poisons.
You die...

#..# #..##.###.#####............
#..####..#.## ##.##...........#.#
#..#.....g## ##.#..........†...
..[......#.## ##.................
...#.##g.##.###..##.......###....
..##.##.####g#.#)#........# #.#..
...#.##<# ##..#.#.##.....# #.###
...#.##.# ##.#o#.##....## #.##.
#..#.##.# #.#@#.##.#### #.##.
#..#.##.######.#o#.##.# ####.##.
#..............#.#.##.####....##.
........########.#.##......#####.
##.#.#....|........#.......# #.
##.#.#.##########.###......# #.
.....#.## #.# #.....## #.
##......# #.# #.)...# #. #####..#
#.# ##..########.


You could see 2 orcs.

Vanquished Creatures
  2 adders
  A worm (D:3)
  An orc (D:2)
  3 ball pythons
  4 endoplasms (D:1)
  3 giant cockroaches
  9 goblins
  2 hobgoblins
  A kobold (D:1)
  3 quokkas
  2 bats (D:1)
  4 rats
35 creatures vanquished.

Notes
Turn   | Place    | Note
-------+----------+-------------------------------------------
     0 | D:1      | pkoi the Draconian Monk began the quest for the Orb.
     0 | D:1      | Reached XP level 1. HP: 19/19 MP: 1/1
   200 | D:1      | Reached XP level 2. HP: 26/26 MP: 2/2
   640 | D:1      | Reached skill level 4 in Unarmed Combat
   996 | D:2      | Reached XP level 3. HP: 31/31 MP: 3/3
  1219 | D:2      | Found a faded altar of an unknown god.
  1521 | D:2      | Noticed Robin
  2429 | D:3      | Found an ancient bone altar of Kikubaaqudgha.
  2444 | D:3      | Found Saelug's Book Emporium.
  2681 | D:2      | Gained mutation: Your system is resistant to poisons.
                  | (rPois) [potion of mutation]
  2681 | D:2      | Succumbed to an orc's poison

Illustrated notes

Levels and vault maps discovered:
D:1:      minmay_arrival_stair_chambers, layout_basic
D:2:      layout_loops_ring, dreamdust_ecumenical_altar_statues, st_stairs_14,
          minmay_crystal_room, uniq_robin
D:3:      layout_basic, mainiacjoe_overflow_surrounded_room, serial_shops, shop,
          kennysheep_decorative_pillar

Skill      XL: |  1  2 |
---------------+-------+-----
Unarmed Combat | 4 |  4.8
Fighting       | |  3.2
Dodging        | |  2.6
Stealth        | |  1.7

Action                   || total
-------------------------++-------
Melee: Unarmed           ||   135
       Tailslap          ||    17
       Punch             ||     1
  Use: Scroll            ||     2
       Potion            ||     1
 Stab: Sleeping          ||     8
Armor: Skin              ||    33
Dodge: Dodged            ||    72
